[Event "December 12 Early 2023"]
[Site "https://www.chess.com"]
[Date "2023.12.12"]
[Round "9"]
[White "Gan-Erdene, Sugar"]
[Black "Saravana, Krishnan P."]
[Result "1/2-1/2"]
[Board "44"]
[TimeControl "180+1"]
[WhiteFideId "4902980"]
[BlackFideId "5018382"]
[WhiteElo "2753"]
[BlackElo "2606"]
[WhiteTeam "MGL"]
[BlackTeam "IND"]
[WhiteClock "0:00:43"]
[BlackClock "0:00:20"]

1. e4 c6 2. Nc3 d5 3. Nf3 dxe4 4. Nxe4 Nf6 5. Qe2 Nxe4 6. Qxe4 Be6 7. c3 Nd7 8. d4 Nf6 9. Qh4 Bf5 10. Bc4 e6 11. Ne5 Be7 12. Qg3 O-O 13. O-O c5 14. dxc5 Bxc5 15. Bh6 Bg6 16. Nxg6 hxg6 17. Bg5 Ne4 18. Bxd8 Nxg3 19. hxg3 Rfxd8 20. Rad1 a5 21. Bb5 Kf8 22. Rfe1 Ke7 23. Kf1 Bb6 24. Ke2 a4 25. Rxd8 Bxd8 26. Rd1 a3 27. b4 Kf8 28. Rd7 Bf6 29. c4 b6 30. c5 bxc5 31. bxc5 Rb8 32. c6 Be5 33. Bc4 Rc8 34. Bb5 Rb8 35. Bd3 Rb2+ 36. Ke3 Ke8 37. f4 Bb8 38. Bc4 Rxg2 39. c7 Rxg3+ 40. Kf2 Ba7+ 41. Kxg3 Kxd7 42. Bb5+ Kxc7 43. Be8 f6 44. Bxg6 Kd6 45. Kf3 e5 46. fxe5+ Kxe5 47. Kg4 Be3 48. Bc2 g5 49. Bg6 Bf4 50. Bf5 Kd4 51. Bg6 Be5 52. Bf5 Bd6 53. Bg6 Ke5 54. Bf5 Kd4 55. Bg6 Kc3 56. Bf5 Kb2 57. Be6 Be5 58. Bf7 Kc3 59. Bg6 Kd4 60. Bf5 Ke3 61. Bg6 Bd6 62. Bf5 Kd4 1/2-1/2

[Event "December 12 Early 2023"]
[Site "https://www.chess.com"]
[Date "2023.12.12"]
[Round "9"]
[White "Kim, Sergey"]
[Black "Mindlin, Alon"]
[Result "1-0"]
[Board "45"]
[TimeControl "180+1"]
[WhiteFideId "13700570"]
[BlackFideId "2800071"]
[WhiteElo "2608"]
[BlackElo "2735"]
[WhiteTeam "KAZ"]
[BlackTeam "ISR"]
[WhiteClock "0:01:00"]
[BlackClock "0:00:12"]

1. d4 Nf6 2. c4 e6 3. Nc3 Bb4 4. Qc2 Nc6 5. Nf3 d6 6. a3 Bxc3+ 7. Qxc3 a5 8. b3 Qe7 9. g3 O-O 10. Bg2 e5 11. d5 Nb8 12. O-O b5 13. Nd2 bxc4 14. Nxc4 a4 15. b4 Ba6 16. Rd1 Rc8 17. Bb2 Nbd7 18. Rac1 h6 19. Qd2 Bb5 20. e4 Bxc4 21. Rxc4 Nb6 22. Rc6 Ra7 23. Rdc1 Qd8 24. Qc2 Rb7 25. Bh3 Nfd7 26. Qc3 Kh8 27. f4 f6 28. Be6 Nb8 29. Bxc8 Qxc8 30. Rxc7 Rxc7 31. Qxc7 Qa6 32. Qxb8+ Kh7 33. Qc7 Qb5 34. Qc2 exf4 35. gxf4 f5 36. Bd4 Nd7 37. exf5 Qxd5 38. f6+ g6 39. Qf2 Qf5 40. Re1 h5 41. Re7+ Kh6 42. Qh4 Qb1+ 43. Re1 Qf5 44. Qg5+ 1-0

[Event "December 12 Early 2023"]
[Site "https://www.chess.com"]
[Date "2023.12.12"]
[Round "9"]
[White "Assylov, Miras"]
[Black "Krzyzanowski, Marcin"]
[Result "0-1"]
[Board "46"]
[TimeControl "180+1"]
[WhiteFideId "13728873"]
[BlackFideId "1132199"]
[WhiteElo "2600"]
[BlackElo "2730"]
[WhiteTeam "KAZ"]
[BlackTeam "POL"]
[WhiteClock "0:00:07"]
[BlackClock "0:00:13"]

1. b3 e5 2. Bb2 Nc6 3. e3 Nf6 4. Nf3 e4 5. Nd4 Nxd4 6. Bxd4 Be7 7. c4 O-O 8. Be2 d5 9. cxd5 Qxd5 10. O-O Qg5 11. f3 Bh3 12. Rf2 exf3 13. Bxf3 Rad8 14. Nc3 Bf5 15. Bxb7 Ng4 16. Rxf5 Qxf5 17. Bf3 h5 18. h3 Nf6 19. Bxa7 Bb4 20. Qe2 Rfe8 21. Rf1 Qc2 22. Qc4 Bxc3 23. dxc3 Re7 24. Bd4 Qg6 25. Qc5 Red7 26. Be2 Ne4 27. Bc4 Nxc5 28. Bxc5 Rd1 29. Bd4 Rxf1+ 30. Bxf1 Qc2 31. b4 Qxa2 32. b5 Qb2 33. c4 Rxd4 34. exd4 Qxd4+ 0-1

[Event "December 12 Early 2023"]
[Site "https://www.chess.com"]
[Date "2023.12.12"]
[Round "9"]
[White "Arslanov, Shamil"]
[Black "Manukian, Artak"]
[Result "0-1"]
[Board "47"]
[TimeControl "180+1"]
[WhiteFideId "4192826"]
[BlackFideId "13301373"]
[WhiteElo "2728"]
[BlackElo "2597"]
[WhiteTeam "RUS"]
[BlackTeam "ARM"]
[WhiteClock "0:00:00"]
[BlackClock "0:00:31"]

1. e4 c6 2. d4 d5 3. Nc3 dxe4 4. Bc4 Nf6 5. f3 e3 6. Bxe3 Nd5 7. Bd2 Bf5 8. Nge2 e6 9. O-O Nd7 10. Ng3 Bg6 11. f4 Be7 12. f5 exf5 13. Nxf5 Nxc3 14. Nxg7+ Kf8 15. Ne6+ Ke8 16. Ng7+ Kf8 17. Qf3 Kxg7 18. Bxc3 Bf6 19. Rae1 Re8 20. Rd1 Nb6 21. Bb3 Nd5 22. Bd2 b5 23. c3 Re6 24. Kh1 Qe7 25. Qg3 Bh4 26. Qf3 Re8 27. Qg4 h6 28. Qh3 Bg5 29. Bxg5 Qxg5 30. Qf3 Re3 31. Qf2 Re2 32. Qf3 R8e3 0-1

[Event "December 12 Early 2023"]
[Site "https://www.chess.com"]
[Date "2023.12.12"]
[Round "9"]
[White "Kosteniuk, Alexandra"]
[Black "Shubenkova, Veronika"]
[Result "0-1"]
[Board "48"]
[TimeControl "180+1"]
[WhiteFideId "4128125"]
[BlackFideId "44124040"]
[WhiteElo "2715"]
[BlackElo "2594"]
[WhiteTeam "SUI"]
[BlackTeam "RUS"]
[WhiteClock "0:00:03"]
[BlackClock "0:01:00"]

1. e4 e6 2. d4 d5 3. exd5 exd5 4. Nf3 Nf6 5. Bd3 Bd6 6. O-O O-O 7. Bg5 Bg4 8. Nbd2 Nbd7 9. c4 c6 10. c5 Bc7 11. b4 a6 12. a4 Re8 13. Qb1 Nf8 14. Ra3 Bh5 15. Rb3 Bg6 16. Re1 Rxe1+ 17. Qxe1 Ne6 18. Bxg6 hxg6 19. h3 Nxg5 20. Nxg5 Bf4 21. Ngf3 Qc7 22. g3 Re8 23. Qf1 Bxd2 24. Nxd2 Re6 25. b5 axb5 26. axb5 Qe7 27. Nf3 Ne4 28. bxc6 bxc6 29. Rb8+ Kh7 30. Kg2 Rf6 31. Qc1 Rxf3 32. Kxf3 Ng5+ 33. Kg2 Qe4+ 34. Kg1 Nf3+ 35. Kf1 Nxd4 36. Kg1 Ne2+ 0-1

[Event "December 12 Early 2023"]
[Site "https://www.chess.com"]
[Date "2023.12.12"]
[Round "9"]
[White "Shuvalov, Evgenij"]
[Black "Makhnev, Denis"]
[Result "0-1"]
[Board "49"]
[TimeControl "180+1"]
[WhiteFideId "4187237"]
[BlackFideId "13707647"]
[WhiteElo "2585"]
[BlackElo "2697"]
[WhiteTeam "FID"]
[BlackTeam "KAZ"]
[WhiteClock "0:00:00"]
[BlackClock "0:00:16"]

1. d4 d5 2. c4 c6 3. Nc3 Nf6 4. e3 a6 5. Nf3 b5 6. b3 Bg4 7. a4 b4 8. Ne2 Bxf3 9. gxf3 e6 10. Ng3 Bd6 11. Bd3 O-O 12. e4 e5 13. Bb2 exd4 14. Bxd4 dxe4 15. Bxf6 Qxf6 16. Nxe4 Qe7 17. Kf1 Be5 18. Ra2 Nd7 19. Re2 Rad8 20. h4 Rfe8 21. Ng5 Nf8 22. f4 Qd6 23. Rd2 Bd4 24. c5 Qxf4 25. Bc4 Ne6 26. Nxe6 fxe6 27. Rh3 Bxf2 28. Bxe6+ Kh8 29. Rf3 Qxd2 30. Qxd2 Rxd2 0-1

[Event "December 12 Early 2023"]
[Site "https://www.chess.com"]
[Date "2023.12.12"]
[Round "9"]
[White "Aaditya Dhingra"]
[Black "Ginzburg, Yakov"]
[Result "1-0"]
[Board "50"]
[TimeControl "180+1"]
[WhiteFideId "25678191"]
[BlackFideId "4157176"]
[WhiteElo "2692"]
[BlackElo "2560"]
[WhiteTeam "IND"]
[BlackTeam "RUS"]
[WhiteClock "0:00:42"]
[BlackClock "0:00:00"]

1. c4 c6 2. g3 d5 3. Bg2 Nf6 4. Nf3 g6 5. b3 Bg7 6. Bb2 O-O 7. O-O Bf5 8. d3 Na6 9. Nbd2 Rc8 10. Rc1 Re8 11. Be5 Nc5 12. cxd5 cxd5 13. Nd4 Bd7 14. Rc2 Ng4 15. Bxg7 Kxg7 16. Qa1 e5 17. Bxd5 exd4 18. Rxc5 Rxc5 19. Qxd4+ Re5 20. Qxc5 Bc6 21. e4 Bxd5 22. exd5 Rxd5 23. Qc3+ Qf6 24. Rc1 Rxd3 25. Qxf6+ Nxf6 26. Nc4 Nd5 27. Kf1 b5 28. Na5 Rd2 29. a4 b4 30. Nc6 a6 31. Rc5 Nc3 32. Nxb4 Ne4 33. Rc2 Rd1+ 34. Ke2 Rb1 35. Rc4 Rb2+ 36. Ke3 Nxf2 37. Nxa6 Nd1+ 38. Kd3 1-0

[Event "December 12 Early 2023"]
[Site "https://www.chess.com"]
[Date "2023.12.12"]
[Round "9"]
[White "Chinguun, Sumiya"]
[Black "Tulchynskyi, Feliks"]
[Result "0-1"]
[Board "51"]
[TimeControl "180+1"]
[WhiteFideId "4902572"]
[BlackFideId "34127895"]
[WhiteElo "2686"]
[BlackElo "2539"]
[WhiteTeam "MGL"]
[BlackTeam "UKR"]
[WhiteClock "0:00:43"]
[BlackClock "0:00:04"]

1. e4 e6 2. d4 d5 3. Nc3 Nf6 4. e5 Nfd7 5. f4 c5 6. Nf3 Nc6 7. Be3 a6 8. Ne2 Be7 9. c3 O-O 10. g3 b5 11. Bg2 b4 12. O-O f5 13. exf6 gxf6 14. Bf2 bxc3 15. bxc3 Bd6 16. Qd3 f5 17. Ne5 Ncxe5 18. fxe5 c4 19. Qd2 Ba3 20. Nf4 Qe7 21. Be3 Qf7 22. Bf3 Rb8 23. Rab1 Nb6 24. Qg2 Bd7 25. Nh5 Be7 26. Bh6 Rfc8 27. Bg7 Na4 28. g4 Rxb1 29. Rxb1 Nxc3 30. Rc1 Ne4 31. gxf5 exf5 32. Kh1 Qg6 33. Qe2 Bh4 34. Rg1 Nf2+ 35. Qxf2 Bxf2 36. Bxd5+ Qe6 37. Bh6+ Bxg1 38. Bxe6+ Bxe6 39. Kxg1 Kf7 40. Bc1 c3 41. Kf2 Rb8 42. Nf4 Rb1 43. Be3 Bxa2 44. Ne2 c2 45. Bc1 Bc4 46. d5 Bxe2 47. e6+ Ke7 48. Ba3+ Kf6 49. e7 Kf7 50. d6 Bb5 0-1

[Event "December 12 Early 2023"]
[Site "https://www.chess.com"]
[Date "2023.12.12"]
[Round "9"]
[White "Yaran, Siar"]
[Black "Goltseva, Ekaterina"]
[Result "1-0"]
[Board "52"]
[TimeControl "180+1"]
[WhiteFideId "6323006"]
[BlackFideId "24173770"]
[WhiteElo "2686"]
[BlackElo "2554"]
[WhiteTeam "TUR"]
[BlackTeam "RUS"]
[WhiteClock "0:00:07"]
[BlackClock "0:00:04"]

1. Nf3 Nf6 2. c4 e6 3. g3 d5 4. Bg2 d4 5. e3 c5 6. b4 dxe3 7. fxe3 cxb4 8. d4 Be7 9. O-O O-O 10. Nbd2 Nc6 11. Bb2 a5 12. Qe2 a4 13. Rad1 Qb6 14. Kh1 Rd8 15. e4 e5 16. d5 Nd4 17. Nxd4 exd4 18. e5 Bg4 19. Nf3 Nd7 20. Rxd4 Bh5 21. Rf4 Nc5 22. Bd4 Qc7 23. d6 Bxd6 24. exd6 Qxd6 25. Qe3 Ne6 26. Be5 Qd3 27. Qxd3 Rxd3 28. g4 Nxf4 29. Bxf4 Bg6 30. Ne5 Ra3 31. Nxg6 hxg6 32. Bd6 Rxa2 33. Bxb4 Rb2 34. Bc3 Rb3 35. Bd4 a3 36. Bd5 a2 37. Rxf7 a1=Q+ 38. Bxa1 Rxa1+ 39. Rf1+ Kh7 40. Rxa1 b5 41. c5 Rd3 42. Be6 Re3 43. Bd7 Rd3 44. c6 Rc3 45. Rb1 Rc5 46. g5 b4 47. Rxb4 Rc1+ 48. Kg2 Rc2+ 49. Kg3 Rc3+ 50. Kf4 Rc1 51. Ke5 Re1+ 52. Kd6 Rd1+ 53. Ke7 Re1+ 54. Be6 Rc1 55. Rh4# 1-0

[Event "December 12 Early 2023"]
[Site "https://www.chess.com"]
[Date "2023.12.12"]
[Round "9"]
[White "Shevchuk, Olexandr"]
[Black "Nagare Kaivalya Sandip"]
[Result "0-1"]
[Board "53"]
[TimeControl "180+1"]
[WhiteFideId "14113775"]
[BlackFideId "25957929"]
[WhiteElo "2495"]
[BlackElo "2684"]
[WhiteTeam "UKR"]
[BlackTeam "IND"]
[WhiteClock "0:00:14"]
[BlackClock "0:01:25"]

1. d4 Nf6 2. c4 g6 3. Nc3 Bg7 4. e4 d6 5. Nf3 O-O 6. Be2 Na6 7. O-O Bg4 8. Be3 c5 9. d5 Nd7 10. Nd2 Bxe2 11. Qxe2 Nc7 12. a4 b6 13. f4 a6 14. Rfb1 Qb8 15. Ra3 e5 16. g3 f5 17. exf5 gxf5 18. fxe5 dxe5 19. Rf1 Ne8 20. Qh5 Nd6 21. Bh6 Qe8 22. Qh3 e4 23. Bxg7 Kxg7 24. Raa1 Qe5 25. Kh1 Nf6 26. Qh4 Kh8 27. Rae1 Rae8 28. Nf3 Qe7 29. Qf4 Nxc4 30. Ng5 Nd6 31. Ne6 Nxd5 32. Qe5+ Nf6 33. Rd1 Nc4 34. Qxf5 Qxe6 35. Qg5 e3 36. Rde1 Ne4 37. Qh6 Qxh6 0-1

[Event "December 12 Early 2023"]
[Site "https://www.chess.com"]
[Date "2023.12.12"]
[Round "9"]
[White "Yeritsyaan"]
[Black "Melikhov, Evgeny V."]
[Result "1/2-1/2"]
[Board "54"]
[TimeControl "180+1"]
[BlackFideId "4122046"]
[WhiteElo "2674"]
[BlackElo "2417"]
[BlackTeam "GRE"]
[WhiteClock "0:00:05"]
[BlackClock "0:00:05"]

1. Nf3 f5 2. d3 d6 3. e4 e5 4. Nc3 c5 5. Be2 Nc6 6. Nd5 Nf6 7. c3 Be7 8. Qb3 Nxd5 9. exd5 Nb8 10. d4 cxd4 11. cxd4 e4 12. Bb5+ Nd7 13. Ne5 O-O 14. O-O dxe5 15. d6+ Kh8 16. dxe7 Qxe7 17. dxe5 Nxe5 18. Bf4 a6 19. Be2 Nc6 20. Rfd1 Be6 21. Qg3 Qf7 22. h4 Rfd8 23. h5 h6 24. b3 Rxd1+ 25. Rxd1 Rd8 26. Rxd8+ Nxd8 27. Be5 Nc6 28. Bc3 f4 29. Qh4 f3 30. gxf3 exf3 31. Bd3 Qe7 32. Qe4 Qg5+ 33. Kf1 Qg2+ 34. Ke1 Qg1+ 35. Kd2 Qxf2+ 36. Kc1 Bg8 37. Qg6 Nd4 38. Kb1 Qe3 39. Kb2 f2 40. Ka3 f1=Q 41. Bxd4 Qfc1+ 42. Bb2 Qec5+ 43. b4 Q1c3+ 44. Bxc3 Qxc3+ 45. Ka4 b5+ 46. Ka5 Qa3+ 47. Kb6 Qxb4 48. Kxa6 Qa4+ 49. Kb6 Qd4+ 50. Kxb5 Qb2+ 51. Kc5 Qxa2 52. Be4 Qf7 53. Qg4 Qe7+ 54. Kd4 Qf6+ 55. Ke3 Bf7 56. Ke2 Qg5 57. Qc8+ Bg8 58. Qf5 Qxf5 59. Bxf5 Bf7 60. Bg4 g6 61. hxg6 Bxg6 62. Kf3 Kg7 63. Kf4 Kf6 64. Kg3 h5 65. Bxh5 1/2-1/2

[Event "December 12 Early 2023"]
[Site "https://www.chess.com"]
[Date "2023.12.12"]
[Round "9"]
[White "Kamsky, Gata"]
[Black "Espinoza Villanueva, Rodrigo"]
[Result "1-0"]
[Board "55"]
[TimeControl "180+1"]
[WhiteFideId "2000024"]
[BlackFideId "5140188"]
[WhiteElo "2882"]
[BlackElo "2588"]
[WhiteTeam "USA"]
[BlackTeam "MEX"]
[WhiteClock "0:01:05"]
[BlackClock "0:00:05"]

1. d4 Nf6 2. Bf4 e6 3. e3 d5 4. Nf3 Bd6 5. Bg3 O-O 6. c4 Ne4 7. Bd3 c6 8. Nc3 f5 9. Be5 Bb4 10. Qb3 a5 11. O-O Nd7 12. Bg3 Ndf6 13. c5 Bxc3 14. bxc3 g5 15. Rfc1 h5 16. Bxe4 Nxe4 17. Be5 g4 18. Ne1 b5 19. cxb6 Ba6 20. b7 Rb8 21. Bxb8 Qxb8 22. Qb6 Bc4 23. f3 gxf3 24. Nxf3 Rf7 25. Rab1 Rg7 26. Rb2 Bb5 27. Rxb5 cxb5 28. Qxe6+ Kh8 29. Qxf5 Qxb7 30. Qxh5+ Kg8 31. Ne5 b4 32. cxb4 axb4 33. Qe8+ Kh7 34. Rc8 Qb5 35. Qh5# 1-0

[Event "December 12 Early 2023"]
[Site "https://www.chess.com"]
[Date "2023.12.12"]
[Round "9"]
[White "Kazakouski, Valery"]
[Black "Cordoba Roa, Angel Gabriel"]
[Result "0-1"]
[Board "56"]
[TimeControl "180+1"]
[WhiteFideId "13507443"]
[BlackFideId "3957624"]
[WhiteElo "2835"]
[BlackElo "2579"]
[WhiteTeam "LTU"]
[BlackTeam "COL"]
[WhiteClock "0:00:06"]
[BlackClock "0:00:24"]

1. Nf3 Nf6 2. c4 e6 3. g3 d5 4. Bg2 d4 5. e3 c5 6. exd4 cxd4 7. d3 Nc6 8. O-O Bd6 9. Bd2 O-O 10. Na3 Re8 11. Nb5 Bf8 12. Re1 e5 13. Qb1 h6 14. b4 Bf5 15. Qb3 e4 16. dxe4 Nxe4 17. Bf4 Bxb4 18. Red1 Nc5 19. Qb2 Nd3 20. Qb3 Nxf4 21. gxf4 Bc5 22. Qb2 d3 23. Re1 Qb6 24. Qd2 Bb4 25. Nc3 Qc5 26. Qb2 Qxc4 27. Rec1 Rad8 28. a3 d2 29. Nxd2 Qxf4 30. Nf1 Bc5 31. Nd5 Qd4 32. Nc3 Ne5 33. Na4 Qxb2 34. Nxb2 Bd4 35. Ra2 Bxb2 36. Rxb2 Nd3 37. Rcb1 Nxb2 38. Rxb2 Rd1 39. f4 Rb1 40. Rd2 b5 41. Kf2 Be4 42. Bh3 a5 43. Ng3 g6 44. Bd7 Re7 45. Bc8 Rc1 46. Ba6 b4 47. axb4 axb4 48. Rd4 b3 49. Nxe4 b2 50. Bd3 b1=Q 51. Bxb1 Rxb1 52. Nf6+ Kg7 53. Ng4 h5 54. Ne5 Rb2+ 55. Kg3 Re2 56. Rd3 R2xe5 57. fxe5 Rxe5 58. Kf4 Rf5+ 59. Ke4 Kh6 60. Rg3 Rf1 61. Rg2 h4 62. Ke3 g5 63. Ke2 Rf4 64. Ke3 Kh5 65. Rg1 f5 66. Rg2 Ra4 67. Rf2 Ra3+ 68. Kd4 Kg4 69. Rg2+ Kf4 70. Rf2+ Rf3 71. Rg2 g4 0-1

[Event "December 12 Early 2023"]
[Site "https://www.chess.com"]
[Date "2023.12.12"]
[Round "9"]
[White "Santos Flores, Alberto"]
[Black "Dragnev, Valentin"]
[Result "0-1"]
[Board "57"]
[TimeControl "180+1"]
[WhiteFideId "3601234"]
[BlackFideId "1634852"]
[WhiteElo "2561"]
[BlackElo "2785"]
[WhiteTeam "ECU"]
[BlackTeam "AUT"]
[WhiteClock "0:00:00"]
[BlackClock "0:00:53"]

1. e4 c6 2. c4 d5 3. exd5 cxd5 4. cxd5 Nf6 5. Qa4+ Nbd7 6. Bc4 g6 7. Nc3 Bg7 8. Nf3 O-O 9. d3 a6 10. Qa3 Nb6 11. Qb3 Nxc4 12. dxc4 e6 13. O-O exd5 14. cxd5 b5 15. Bg5 Qd6 16. Rfd1 Bg4 17. Rd3 Bf5 18. Rdd1 Ne4 19. Nxe4 Bxe4 20. Bh4 Qd7 21. Rac1 Rac8 22. Rxc8 Rxc8 23. Qe3 Bxd5 24. Qd2 Qf5 25. Nd4 Qg4 0-1

[Event "December 12 Early 2023"]
[Site "https://www.chess.com"]
[Date "2023.12.12"]
[Round "9"]
[White "Korchmar, Vasiliy"]
[Black "Baziuk, Vladyslav"]
[Result "1-0"]
[Board "58"]
[TimeControl "180+1"]
[WhiteFideId "24131750"]
[BlackFideId "34107940"]
[WhiteElo "2773"]
[BlackElo "2534"]
[WhiteTeam "RUS"]
[BlackTeam "UKR"]
[WhiteClock "0:00:09"]
[BlackClock "0:00:08"]

1. e4 c5 2. d4 cxd4 3. Qxd4 Nc6 4. Qd3 g6 5. Nc3 Bg7 6. Nf3 d6 7. Be2 Nf6 8. O-O O-O 9. Nd5 Nd7 10. c3 Nde5 11. Nxe5 Nxe5 12. Qg3 Be6 13. Bg5 Bxd5 14. exd5 Qc7 15. Rad1 Rfe8 16. Qh4 f6 17. Be3 Nf7 18. Rfe1 f5 19. Bd4 Ne5 20. f4 Nd7 21. Bxg7 Kxg7 22. Kh1 Nf6 23. Bf3 Rac8 24. Re6 Qb6 25. Rde1 Kf7 26. b3 h5 27. c4 a5 28. Qg5 Qf2 29. h3 a4 30. R1e2 Qf1+ 31. Kh2 axb3 32. axb3 Ra8 33. Re1 Qf2 34. R6e2 Qd4 35. Qh6 b5 36. cxb5 Ra7 37. Re6 Rh8 38. Qg5 h4 39. Kh1 Qd2 40. R6e2 Qd3 41. b6 Rb7 42. Re6 Qd4 43. R6e3 Qxb6 44. Re6 Qd4 45. R6e3 Qa7 46. Kh2 Qd4 47. R1e2 Ra7 48. b4 Qxb4 49. Re6 Qd4 50. R6e3 Nh7 51. Rxe7+ Rxe7 52. Qxe7+ Kg8 53. Qxd6 Nf8 54. Re8 Kg7 55. Qe7+ Kh6 56. Qxh4+ Kg7 57. Qe7+ Kh6 58. Qe5 Qxe5 59. fxe5 Kg5 60. d6 Kf4 61. d7 g5 62. e6 g4 63. Be2 g3+ 64. Kg1 Ke3 65. Rxf8 Rxf8 66. e7 Rb8 67. e8=Q+ Rxe8 68. dxe8=Q+ Kd2 69. Bf3 f4 70. h4 Kc1 71. h5 Kb2 72. h6 Kc3 73. h7 Kc2 74. h8=Q Kc1 75. Qd4 Kb1 76. Qc6 Ka2 77. Qa7+ Kb2 78. Qab6+ Ka1 79. Qa8# 1-0

[Event "December 12 Early 2023"]
[Site "https://www.chess.com"]
[Date "2023.12.12"]
[Round "9"]
[White "Shuvalova, Polina"]
[Black "Leenhouts, Koen"]
[Result "1-0"]
[Board "59"]
[TimeControl "180+1"]
[WhiteFideId "24171760"]
[BlackFideId "1008439"]
[WhiteElo "2756"]
[BlackElo "2544"]
[WhiteTeam "RUS"]
[BlackTeam "NED"]
[WhiteClock "0:00:18"]
[BlackClock "0:00:00"]

1. e4 e6 2. d4 d5 3. Nd2 c5 4. exd5 Qxd5 5. Ngf3 cxd4 6. Bc4 Qd6 7. O-O Nf6 8. Nb3 Nc6 9. Nbxd4 Nxd4 10. Nxd4 Be7 11. Re1 O-O 12. c3 Qc7 13. Bd3 b6 14. Qf3 Bb7 15. Qh3 g6 16. Bh6 Rfe8 17. Nxe6 Qc8 18. Nf4 Qxh3 19. Nxh3 Bc5 20. Bg5 Kg7 21. Kf1 a5 22. f3 h6 23. Bh4 Nd5 24. Bf2 Ne3+ 25. Kg1 Rad8 26. Bb5 Re7 27. Re2 g5 28. Rae1 Nf5 29. Rxe7 Bxe7 30. Bxb6 Rd2 31. Re2 Rd1+ 32. Kf2 Bd6 33. g3 Rh1 34. Kg2 Ra1 35. Nf2 Rxa2 36. Bc4 Ra1 37. Ne4 Be7 38. g4 Nh4+ 39. Kg3 Bxe4 40. Rxe4 Bd6+ 41. Kf2 Bxh2 42. Bd4+ Kg6 43. Bd3 Bg1+ 44. Kg3 Bxd4 45. Re1+ f5 46. Rxa1 Be5+ 47. Kf2 1-0

[Event "December 12 Early 2023"]
[Site "https://www.chess.com"]
[Date "2023.12.12"]
[Round "9"]
[White "Bardyk, Artem"]
[Black "Silva Lucena, Cristian"]
[Result "0-1"]
[Board "60"]
[TimeControl "180+1"]
[WhiteFideId "34349979"]
[BlackFideId "2232588"]
[WhiteElo "2754"]
[BlackElo "2530"]
[WhiteTeam "RUS"]
[BlackTeam "ESP"]
[WhiteClock "0:00:00"]
[BlackClock "0:00:07"]

1. e4 e5 2. d4 exd4 3. Qxd4 Nc6 4. Qd3 Nf6 5. Nc3 Bb4 6. Bd2 O-O 7. Nge2 Re8 8. O-O-O d6 9. Bg5 h6 10. Bxf6 Qxf6 11. Nd5 Qd8 12. Nxb4 Nxb4 13. Qd2 a5 14. a3 Nc6 15. Nc3 Be6 16. f4 Bg4 17. Re1 Qh4 18. g3 Qh5 19. h3 Bd7 20. Be2 Qc5 21. Bg4 Rad8 22. Bxd7 Rxd7 23. g4 b5 24. Nd5 b4 25. a4 b3 26. c3 Nb4 27. Nxb4 axb4 28. Qd4 bxc3 29. Qxc3 Qf2 30. Rhf1 Qh2 31. Qxb3 Rde7 32. Qc2 Qxh3 33. Rg1 Qf3 34. g5 h5 35. Rgf1 Qg3 36. Kb1 h4 37. a5 h3 38. a6 c5 39. e5 dxe5 40. f5 Qxg5 41. f6 Re6 42. fxg7 Rxa6 43. Rg1 Qh6 44. Re2 Rg6 45. Rh1 Qxg7 46. Qa4 Rg1+ 47. Ka2 Rxh1 48. Qxe8+ Kh7 49. Re4 Qf6 50. Rh4+ Qxh4 51. Qxf7+ Kh6 52. Qf8+ Kg5 53. Qg7+ Kf4 54. Qf7+ Kg3 55. Qb3+ Kh2 56. Qc2+ Kg1 57. Qd1+ Kg2 58. Qd5+ Kg3 59. Qd3+ Kg4 60. Qe4+ Kh5 61. Qh7+ Kg4 62. Qe4+ Kg3 63. Qe3+ Kh2 64. Qe2+ Kg1 65. Qd1+ Kf2 66. Qd2+ Kf3 67. Qd3+ Kf4 68. Qd2+ Kf5 69. Qf2+ Qxf2 0-1

[Event "December 12 Early 2023"]
[Site "https://www.chess.com"]
[Date "2023.12.12"]
[Round "9"]
[White "Estrada Nieto, Julian"]
[Black "Srihari L R"]
[Result "0-1"]
[Board "61"]
[TimeControl "180+1"]
[WhiteFideId "5101018"]
[BlackFideId "46617116"]
[WhiteElo "2530"]
[BlackElo "2730"]
[WhiteTeam "ESP"]
[BlackTeam "IND"]
[WhiteClock "0:01:42"]
[BlackClock "0:01:28"]

1. e4 g6 2. d4 Bg7 3. Nf3 d6 4. Be2 Nf6 5. Nc3 O-O 6. O-O a6 7. a4 Nc6 8. Be3 e5 9. dxe5 dxe5 10. Qxd8 Rxd8 11. Rfd1 Bg4 12. Bg5 Bxf3 13. Bxf3 Nd4 14. Nd5 Rd6 15. Rxd4 exd4 16. e5 Rxd5 17. Bxd5 Nxd5 18. Re1 c5 19. e6 Re8 0-1

[Event "December 12 Early 2023"]
[Site "https://www.chess.com"]
[Date "2023.12.12"]
[Round "9"]
[White "Tokhirjonova, Gulrukhbegim"]
[Black "Parfenov, Viktor N."]
[Result "1-0"]
[Board "62"]
[TimeControl "180+1"]
[WhiteFideId "14203626"]
[BlackFideId "4165969"]
[WhiteElo "2664"]
[BlackElo "2518"]
[WhiteTeam "USA"]
[BlackTeam "RUS"]
[WhiteClock "0:00:20"]
[BlackClock "0:00:00"]

1. e4 e5 2. Nf3 Nc6 3. Bb5 a6 4. Ba4 Nf6 5. O-O Bc5 6. Re1 Ng4 7. Rf1 Nf6 8. d3 d6 9. h3 h6 10. c3 Ba7 11. d4 O-O 12. Re1 b5 13. Bc2 exd4 14. cxd4 Nb4 15. Bb3 c5 16. a3 Nc6 17. d5 Ne5 18. Nxe5 dxe5 19. Nc3 Ne8 20. Qh5 c4 21. Bc2 Qe7 22. Be3 Nd6 23. Rad1 Bd7 24. Ne2 Bxe3 25. fxe3 Qg5 26. Qf3 a5 27. Rf1 b4 28. axb4 axb4 29. Ra1 b3 30. Rxa8 Rxa8 31. Bb1 Ra1 32. Nc3 f6 33. Kh2 Ra8 34. Qe2 Qh4 35. Rf3 Ra7 36. Rg3 Kh8 37. Qf2 Ra8 38. Qf3 Ra7 39. Rg6 1-0

[Event "December 12 Early 2023"]
[Site "https://www.chess.com"]
[Date "2023.12.12"]
[Round "9"]
[White "Kislinsky, Alexey"]
[Black "Berezin, Viktor"]
[Result "1-0"]
[Board "63"]
[TimeControl "180+1"]
[WhiteFideId "14108801"]
[BlackFideId "14107872"]
[WhiteElo "2651"]
[BlackElo "2507"]
[WhiteTeam "CZE"]
[BlackTeam "UKR"]
[WhiteClock "0:02:19"]
[BlackClock "0:01:18"]

1. e4 g6 2. d4 Bg7 3. Nf3 d6 4. h3 Nc6 5. Nc3 e5 6. dxe5 Nxe5 7. Nxe5 Bxe5 8. Bd3 Ne7 9. Bh6 Nc6 10. O-O Be6 11. f4 Bd4+ 12. Kh1 f6 13. Nd5 Ne7 14. Bb5+ Kf7 15. Qxd4 c6 16. Qxf6+ 1-0

[Event "December 12 Early 2023"]
[Site "https://www.chess.com"]
[Date "2023.12.12"]
[Round "9"]
[White "Kovalevsky, Stanislav"]
[Black "Agibileg, Uurtsaikh"]
[Result "0-1"]
[Board "64"]
[TimeControl "180+1"]
[WhiteFideId "13508598"]
[BlackFideId "4901606"]
[WhiteElo "2498"]
[BlackElo "2649"]
[WhiteTeam "FID"]
[BlackTeam "MGL"]
[WhiteClock "0:00:52"]
[BlackClock "0:01:59"]

1. e4 e5 2. Nf3 Nc6 3. Bb5 a6 4. Ba4 Nf6 5. O-O d6 6. Re1 Qd7 7. d4 b5 8. Bb3 Nxd4 9. Nxd4 exd4 10. e5 dxe5 11. Rxe5+ Be7 12. Qe2 Kf8 13. Bg5 Bb7 14. Nd2 Bd6 15. Bxf6 gxf6 16. Rh5 Re8 17. Qd3 Qg4 18. Rd5 Bxd5 19. Bxd5 Qh5 0-1

[Event "December 12 Early 2023"]
[Site "https://www.chess.com"]
[Date "2023.12.12"]
[Round "9"]
[White "Golubev, Mikhail"]
[Black "Hrebenshchykova, Yelyzaveta"]
[Result "0-1"]
[Board "65"]
[TimeControl "180+1"]
[WhiteFideId "14100983"]
[BlackFideId "14159899"]
[WhiteElo "2647"]
[BlackElo "2480"]
[WhiteTeam "UKR"]
[BlackTeam "UKR"]
[WhiteClock "0:00:00"]
[BlackClock "0:00:18"]

1. e4 c5 2. Nf3 e6 3. d4 cxd4 4. Nxd4 Nc6 5. Nc3 d6 6. Be3 Nf6 7. Bc4 a6 8. Bb3 Qc7 9. Qe2 Be7 10. O-O-O O-O 11. Rhg1 b5 12. g4 b4 13. Nd5 exd5 14. Nxc6 Qxc6 15. g5 Nxe4 16. Bxd5 Qa4 17. Bxe4 Be6 18. Bd4 Rfc8 19. b3 Qxa2 20. Rd3 g6 0-1

[Event "December 12 Early 2023"]
[Site "https://www.chess.com"]
[Date "2023.12.12"]
[Round "9"]
[White "Antunez Soler, Luis"]
[Black "Lopez Idarraga, Daniel Eduardo"]
[Result "1-0"]
[Board "66"]
[TimeControl "180+1"]
[WhiteFideId "3513335"]
[BlackFideId "4405501"]
[WhiteElo "2626"]
[BlackElo "2471"]
[WhiteTeam "CUB"]
[BlackTeam "COL"]
[WhiteClock "0:01:59"]
[BlackClock "0:02:19"]

1. e4 d5 2. exd5 Nf6 3. Nc3 Nxd5 4. Nf3 g6 5. Bc4 Nxc3 6. bxc3 Bh6 7. d4 Bxc1 8. Qxc1 Bf5 9. Qh6 Qd6 10. Ng5 e6 11. Nxh7 Qe7 12. Qg7 1-0